 Dungeon Crawl Stone Soup version 0.23-a0-33-g1e3a2e4e2f (webtiles) character file.

15958 LLavrengius the Thaumaturge (level 12, -2/73 HPs)
             Began as a Deep Elf Earth Elementalist on Aug 3, 2018.
             Was a Priest of Ashenzari.
             Slain by Nessos (9 damage)
             ... on level 13 of the Dungeon on Aug 5, 2018.
             The game lasted 02:22:26 (19256 turns).

LLavrengius the Thaumaturge (DEEE)                 Turns: 19256, Time: 02:22:27

Health: -2/73      AC:  6    Str:  6    XL:     12   Next: 5%
Magic:  38/38      EV: 19    Int: 38    God:    Ashenzari [***...]
Gold:   722        SH:  6    Dex: 18    Spells: 16/33 levels left

rFire    + . .     SeeInvis +   t - +0 falchion "Hell-Harrower" {slice, MR+ MP+9} (curse)
rCold    + + .     Gourm    .   O - +1 buckler of the Game of Life {rC+ Int+4}
rNeg     . . .     Faith    .   (no armour)
rPois    +         Spirit   .   (no helmet)
rElec    +         Reflect  .   m - +2 cloak {+Inv} (curse)
rCorr    +         Harm     .   H - +2 pair of gloves
MR       ++...                  (no boots)
Stlth    +++.......             (no amulet)
HPRegen  0.22/turn              x - ring of Hydimia {Int+9 Slay+1 Stlth+} (curse)
MPRegen  0.26/turn              g - +3 ring of dexterity (curse)

@: resistant, very slightly contaminated, invisible
A: no striking features
a: Curse Item, Scrying, Renounce Religion


You were on level 13 of the Dungeon.
You worshipped Ashenzari.
Ashenzari was most pleased with you.
You were not hungry.

You visited 2 branches of the dungeon, and saw 15 of its levels.
You also visited: Labyrinth and Ossuary.

You collected 722 gold pieces.

Inventory:

Hand Weapons
 t - the cursed +0 falchion "Hell-Harrower" (weapon) {slice, MR+ MP+9}
   (You found it on level 4 of the Dungeon)

   It inflicts extra damage upon your enemies.
   It affects your resistance to hostile enchantments.
   It affects your magic capacity (+9).
   It has a curse placed upon it.
 u - a +1 blowgun
Missiles
 s - 135 arrows
 L - a throwing net (quivered)
 R - 6 poisoned tomahawks
 V - 19 poisoned javelins
Armour
 m - a cursed +2 cloak of invisibility (worn)
 H - a +2 pair of gloves (worn)
 O - the +1 buckler of the Game of Life (worn) {rC+ Int+4}
   (You found it in a labyrinth)

   It affects your intelligence (+4).
   It protects you from cold.
 S - the +1 leather armour of the Evening {rPois rF+ Slay+2 SInv}
   (You found it on level 10 of the Dungeon)

   It affects your accuracy and damage with ranged weapons and melee attacks
   (+2).
   It protects you from fire.
   It protects you from poison.
   It lets you see invisible.
 W - +0 pearl dragon scales
 Y - a scarf of resistance
Jewellery
 g - a cursed +3 ring of dexterity (right hand)
 x - the cursed ring of Hydimia (left hand) {Int+9 Slay+1 Stlth+}
   (You found it on level 4 of the Dungeon)

   [ring of slaying]

   It affects your intelligence (+9).
   It affects your accuracy and damage with ranged weapons and melee attacks
   (+1).
   It makes you more stealthy.
   It has a curse placed upon it.
 X - an uncursed ring of poison resistance
Wands
 i - a wand of digging (11)
 p - a wand of paralysis (28)
 J - a wand of flame (68)
 N - a wand of scattershot (4)
Scrolls
 a - 2 scrolls of noise {unknown}
 b - a scroll of identify
 f - 8 scrolls of teleportation
 n - 2 scrolls of enchant armour
 q - 2 scrolls of amnesia
 v - a scroll of blinking
 y - a scroll of fear {unknown}
 C - a scroll of fog
 E - 3 scrolls of remove curse
 F - a scroll of immolation
 I - 2 scrolls of magic mapping
 M - a scroll of silence {unknown}
 T - a scroll of enchant weapon
 Z - a scroll of torment {unknown}
Potions
 c - a potion of mutation
 e - 4 potions of haste
 k - 3 potions of ambrosia
 l - 2 potions of cancellation
 o - 2 potions of lignification
 r - 4 potions of heal wounds
 w - 2 potions of resistance
 z - 2 potions of brilliance
 A - a potion of flight
 B - a potion of magic
 D - a potion of agility
 P - a potion of berserk rage {unknown}
 Q - 2 potions of invisibility
Miscellaneous
 U - a lamp of fire
Comestibles
 d - 14 rations
 h - 3 chunks of flesh


   Skills:
 - Level 8.0 Fighting
 - Level 9.0 Dodging
 - Level 3.0 Stealth
 + Level 3.9 Shields
 - Level 11.1 Spellcasting
 - Level 5.0(6.9) Conjurations
   Level 1.1(2.2) Transmutations
 + Level 7.1(9.1) Air Magic
 - Level 10.4(12.1) Earth Magic


You had 16 spell levels left.
You knew the following spells:

 Your Spells              Type           Power        Failure   Level  Hunger
b - Stone Arrow           Conj/Erth      ######       1%          3    None
c - Lee's Rapid Deconstr  Erth           #######...   1%          5    None
d - Magic Dart            Conj           ####         1%          1    None
e - Searing Ray           Conj           ######       1%          2    None
f - Swiftness             Chrm/Air       ######..     1%          2    None
g - Airstrike             Air            ######....   1%          4    None

Your spell library contained the following spells:

 Spells                   Type           Power        Failure   Level  Hunger
 Cause Fear               Hex            ###.......   16%         4    None
 Lightning Bolt           Conj/Air       ######....   1%          5    None
 Confuse                  Hex            ###.....     4%          3    None
 Iskenderun's Mystic Bla  Conj           ######..     1%          4    None
 Shock                    Conj/Air       ####         1%          1    None
 Deflect Missiles         Chrm/Air       ######....   38%         6    ####...
 Confusing Touch          Hex            ###...       1%          1    None
 Passwall                 Tmut/Erth      ######..     1%          2    None
 Metabolic Englaciation   Hex/Ice        ###.......   41%         5    None
 Silence                  Hex/Air        ######....   8%          5    None
 Static Discharge         Conj/Air       ######..     1%          3    None
 Sandblast                Erth           ######       0%          1    None
 Petrify                  Tmut/Erth      ######..     1%          4    None
 Fulminant Prism          Conj/Hex       #####.....   4%          4    None
 Dazzling Spray           Conj/Hex       #####.       1%          3    None
 Force Lance              Conj/Tloc      #####...     4%          4    None
 Discord                  Hex            ###.......   100%        8    #######
 Gell's Gravitas          Tloc           ###.......   4%          3    None
 Yara's Violent Unravell  Hex/Tmut       ####......   30%         5    None


Dungeon Overview and Level Annotations

Branches:
Dungeon (14/15)            Temple (1/1) D:5            Lair (0/6) D:11
    Orc (0/2) D:11
 Vaults: D:13-14

Altars:
Ashenzari
Cheibriados
Dithmenos
Elyvilon
Fedhas
Gozag
Hepliaklqana
Kikubaaqudgha
Makhleb
Nemelex Xobeh
Okawaru
Qazlal
Ru
Sif Muna
Trog
Uskayaw
Vehumet
Wu Jian
Xom
Yredelemnul
Zin
The Shining One

Shops:
D:7 (   D:8 !   D:13 (

Annotations:
D:13 Nessos


Message History

The arrow hits you!
* * * LOW HITPOINT WARNING * * *
The arrow burns you.
You are more poisoned.
* * * LOW HITPOINT WARNING * * *
Nessos shoots an arrow.
The arrow barely misses you.
Okay, then.
You fade into invisibility!
* * * LOW HITPOINT WARNING * * *
You feel very sick.
Nessos unwields an uncursed longbow of flaming.
It stops flaming.
Nessos barely misses you.
You are very lightly contaminated with residual magic.
You feel protected.
* * * LOW HITPOINT WARNING * * *
You feel very sick. Nessos closely misses you.
You riposte.
You closely miss Nessos.
Unknown command.
You feel better. Nessos hits you!
You die...

,* , * * , *..## * , ... ,
, , , , , , #... , , , *,.
,#.. , , , ######..
+.######## * , ........
####.#......# *
........,#....#(.....# ,* ,
........ #....#.@....# .# ,
, ,
'#########....###c####..#,
...............§§§§.....#
....###'####...§§§§...(...,
....#......#...§§§..#####.
, ....#......#.....§..# , ,
....#......#..>.....#
.(..#.....##........#
....#.....#.........# #


You could see Nessos.

Vanquished Creatures
  Kirke (D:12)
  A minotaur (Lab)
  A hydra (D:11)
  2 two-headed ogres
  An unseen horror (D:12)
  An ugly thing (D:12)
  Psyche (D:9)
  3 centaur skeletons
  A minotaur zombie (Lab)
  A hippogriff (D:10)
  3 redbacks (Lab)
  A wyvern (D:12)
  A spriggan (D:9)
  2 wraiths
  4 yaks (D:12)
  5 hungry ghosts
  2 hell hounds (D:11)
  3 orc warriors
  2 ice beasts
  A black bear (D:7)
  2 sky beasts
  3 phantoms
  The ghost of Necrophagist the Charmwright, an amateur GnSk (D:5)
  An eye of draining (D:12)
  9 ogres
  3 centaurs
  A big kobold (D:12)
  3 elf zombies (Ossuary)
  7 bullfrogs
  A wyvern skeleton (D:11)
  4 scorpions
  9 killer bees (D:8)
  5 wights (D:12)
  8 howler monkeys
  5 crimson imps
  6 centaur zombies
  A bullfrog zombie (D:12)
  A jelly (D:10)
  18 orc wizards
  8 hounds
  7 orc priests
  A bullfrog skeleton (D:12)
  Ijyb (D:5)
  10 worker ants
  A hound skeleton (D:7)
  2 mummies (Ossuary)
  2 worker ant zombies
  14 adders
  10 gnolls
  A river rat (D:5)
  2 shadow imps
  2 adder skeletons
  An adder zombie (D:5)
  4 worms
  A dart slug (D:2)
  7 leopard geckos
  60 orcs
  5 giant cockroaches
  6 goblins
  9 hobgoblins
  11 jackals
  10 kobolds
  2 quokkas
  2 ball pythons
  5 bats
  7 frilled lizards
  A goblin zombie (Ossuary)
  9 hobgoblin zombies (Ossuary)
  2 jackal zombies (Ossuary)
  11 kobold zombies (Ossuary)
  A leopard gecko zombie (D:6)
  5 orc zombies (Ossuary)
  A quokka skeleton (D:6)
  5 rats
  2 rat zombies (Ossuary)
353 creatures vanquished.

Vanquished Creatures (others)
  A human (D:12)
  2 worker ants (D:4)
  An adder (D:4)
  A worm (D:4)
  A leopard gecko (D:4)
6 creatures vanquished.

Grand Total: 359 creatures vanquished

Notes
Turn   | Place    | Note
-------+----------+-------------------------------------------
     0 | D:1      | LLavrengius the Deep Elf Earth Elementalist began the quest for the Orb.
     0 | D:1      | Reached XP level 1. HP: 10/10 MP: 6/6
   598 | D:1      | Reached XP level 2. HP: 14/15 MP: 6/8
  1489 | D:2      | Found a hide-covered altar of Uskayaw.
  1622 | D:2      | Reached XP level 3. HP: 19/19 MP: 9/9
  1631 | D:2      | Learned a level 3 spell: Stone Arrow
  1671 | D:2      | Found an ancient bone altar of Kikubaaqudgha.
  1796 | D:2      | Found a snail-covered altar of Cheibriados.
  2032 | D:2      | Found a radiant altar of Vehumet.
  2464 | D:2      | Reached skill level 1 in Conjurations
  2590 | D:3      | Reached XP level 4. HP: 24/24 MP: 3/10
  3111 | D:3      | Reached XP level 5. HP: 28/28 MP: 6/11
  3778 | D:4      | Noticed an ogre
  3902 | D:4      | Found a shimmering altar of Xom.
  4113 | D:4      | Got a pitted falchion
  4114 | D:4      | Identified the cursed +0 falchion "Hell-Harrower" {slice, MR+ MP+9} (You found it on level 4 of the Dungeon)
  4202 | D:4      | Reached skill level 5 in Earth Magic
  4233 | D:4      | Killed an ogre
  4233 | D:4      | Reached skill level 5 in Dodging
  4233 | D:4      | Reached XP level 6. HP: 5/32 MP: 12/12
  4802 | D:4      | Reached XP level 7. HP: 34/36 MP: 13/13
  5258 | D:4      | HP: 1/36 [something/puff of flame (5)]
  5561 | D:4      | Got a sparkling amber ring
  5562 | D:4      | Identified the ring of Hydimia {Int+9 Slay+1 Stlth+} (You found it on level 4 of the Dungeon)
  5634 | D:4      | Found a shadowy altar of Dithmenos.
  5846 | D:5      | Entered Level 5 of the Dungeon
  5866 | D:5      | Reached skill level 1 in Fighting
  6019 | D:5      | HP: 1/38 [centaur (7)]
  6335 | D:5      | Found a staircase to the Ecumenical Temple.
  6342 | Temple   | Entered the Ecumenical Temple
  6408 | Temple   | Became a worshipper of Ashenzari the Shackled
  6554 | D:5      | Reached skill level 4 in Spellcasting
  6561 | D:5      | Learned a level 5 spell: Lee's Rapid Deconstruction
  6744 | D:5      | Found a runed door.
  6745 | D:5      | Noticed Necrophagist's ghost (amateur GnSk)
  6810 | D:5      | Killed Necrophagist's ghost
  6945 | D:5      | Found a runed door.
  6954 | D:5      | Reached XP level 8. HP: 39/44 MP: 10/17
  6955 | D:5      | Reached skill level 5 in Spellcasting
  7266 | D:5      | Noticed Ijyb
  7269 | D:5      | Killed Ijyb
  8166 | D:6      | Reached skill level 6 in Spellcasting
  8501 | D:6      | Found a hazy altar of Hepliaklqana.
  9312 | D:7      | Found Dyiplihi's Antique Weapon Shop.
  9419 | D:7      | Reached skill level 7 in Spellcasting
  9766 | D:7      | Reached XP level 9. HP: 46/52 MP: 8/21
  9797 | D:7      | Found a sand-covered staircase.
  9806 | Ossuary  | Entered an ossuary
 10397 | D:7      | Upgraded the game from 0.23-a0-26-g9187234747 to 0.23-a0-32-g1388f29e54
 10451 | D:7      | Reached * piety under Ashenzari
 10574 | D:7      | Learned a level 1 spell: Magic Dart
 10577 | D:7      | Learned a level 2 spell: Searing Ray
 10718 | D:8      | Reached skill level 8 in Spellcasting
 10892 | D:8      | Found Giruos's Distillery.
 11372 | D:8      | Found an opulent altar of Gozag.
 11402 | D:8      | Reached skill level 5 in Fighting
 11537 | D:8      | Found an ornate altar of the Wu Jian Council.
 11537 | D:8      | Found a deep blue altar of Sif Muna.
 11546 | D:8      | Reached skill level 9 in Spellcasting
 11696 | D:8      | Found a glowing golden altar of the Shining One.
 11702 | D:8      | Found an iron altar of Okawaru.
 11746 | D:8      | Found a stormy altar of Qazlal.
 12338 | D:10     | Entered Level 10 of the Dungeon
 12523 | D:10     | Reached XP level 10. HP: 47/60 MP: 23/25
 12885 | D:9      | Noticed Psyche
 12906 | D:9      | Killed Psyche
 13190 | D:9      | Noticed a two-headed ogre
 13194 | D:9      | Killed a two-headed ogre
 13194 | D:9      | Reached skill level 10 in Spellcasting
 13194 | D:9      | Reached skill level 10 in Earth Magic
 13682 | D:9      | Reached ** piety under Ashenzari
 14197 | D:10     | Identified the +1 leather armour of the Evening {rPois rF+ Slay+2 SInv}
 14838 | D:10     | Learned a level 2 spell: Swiftness
 14843 | D:10     | Learned a level 4 spell: Airstrike
 15507 | D:10     | Reached skill level 1 in Air Magic
 15583 | D:11     | Found a staircase to the Orcish Mines.
 15583 | D:11     | Noticed a four-headed hydra
 15589 | D:11     | Killed a four-headed hydra
 15589 | D:11     | Reached skill level 11 in Spellcasting
 15961 | D:12     | Noticed a two-headed ogre
 15964 | D:12     | Killed a two-headed ogre
 15964 | D:12     | Reached skill level 5 in Conjurations
 15964 | D:12     | Reached XP level 11. HP: 67/67 MP: 21/28
 16232 | D:11     | Found a staircase to the Lair.
 16379 | D:12     | Found a labyrinth entrance.
 16382 | D:12     | Noticed a brown ugly thing
 16386 | Lab      | Entered a labyrinth
 17086 | Lab      | Noticed a minotaur
 17100 | Lab      | Killed a minotaur
 17400 | Lab      | Got the uncursed buckler of the Game of Life {rC+ Int+4}
 17406 | Lab      | Identified the +1 buckler of the Game of Life {rC+ Int+4} (You found it in a labyrinth)
 17413 | D:12     | Killed a brown ugly thing
 17605 | D:12     | Reached skill level 5 in Air Magic
 17950 | D:12     | Reached skill level 1 in Shields
 18326 | D:12     | Noticed Kirke
 18331 | D:12     | Noticed a lindwurm
 18331 | D:12     | Killed Kirke
 18537 | D:12     | Killed an unseen horror
 18668 | D:12     | Upgraded the game from 0.23-a0-32-g1388f29e54 to 0.23-a0-33-g1e3a2e4e2f
 19027 | D:13     | Found Kenauw's Weapon Shoppe.
 19079 | D:13     | Reached *** piety under Ashenzari
 19100 | D:14     | Reached XP level 12. HP: 71/73 MP: 25/29
 19246 | D:13     | Noticed Nessos
 19254 | D:13     | HP: 3/73 [poisoned by Nessos]
 19255 | D:13     | HP: 1/73 [poisoned by Nessos]
 19256 | D:13     | Slain by Nessos

Vault maps used:
D:1:      minmay_arrival_wavy_path
D:2:      vehumet_crystals, eat_drink_and_be_merry_uskayaw,
          kiku_gazebo_pond_becter, kennysheep_slug_shrine
D:4:      grunt_dithmenos_smoke_and_mirrors, xom_confusion_cloud,
          minmay_misc_feat_pillars
D:5:      temple_green, ebering_ghost_sewer_f, first_ration, uniq_ijyb
D:6:      lemuel_crystal_altar
D:7:      serial_shops, nicolae_shop_temple_entry_statues_fountains,
          nicolae_ossuary_entry_ruins
D:8:      grunt_gozag_statues, gammafunk_temple_overflow_claw,
          amethyst_overflow_temple_binary, serial_shops, shop
D:9:      grunt_pizzeria, uniq_psyche
D:10:     hangedman_abyss_or_decor_stagger
D:11:     minmay_lair_entry_lava
D:12:     lab_entry_generic, spider_trap, uniq_kirke
D:13:     serial_shops, nicolae_shop_trees, item_on_display_a, uniq_nessos
D:14:     david_vaults_4, serial_shops, shop, shop, uniq_azrael, uniq_frances
Temple:   grunt_temple_mini_profane
Lab:      labyrinth_hidden_loot, nicolae_lab_garden, nicolae_lab_lava,
          nicolae_lab_quarters, nicolae_lab_grate_2, nicolae_lab_statue,
          lab_hedge
Ossuary:  ossuary_tomb_1

Skill      XL: |  1  2  3  4  5  6  7  8  9 10 11 |
---------------+----------------------------------+-----
Stealth        | 3 |  3.0
Dodging        | 3 4 5 7 9 |  9.0
Earth Magic    | 4 5 6 8 9 10 | 10.4
Conjurations   | 1 2 3 4 5 |  5.0
Fighting       | 2 4 5 7 8 |  8.0
Spellcasting   | 4 7 9 11 | 11.1
Air Magic      | 2 7 |  7.1
Shields        | 3 |  3.9
Transmutations | |  1.1

Action                   |  1- 3 |  4- 6 |  7- 9 | 10-12 || total
-------------------------+-------+-------+-------+-------++-------
Melee: Dagger            |    70 |    53 |       |       ||   123
       Unarmed           |     2 |       |       |       ||     2
       Falchion          |       |    12 |    98 |     5 ||   115
 Fire: Blowgun           |       |       |     9 |       ||     9
 Cast: Sandblast         |    45 |    44 |    32 |     9 ||   130
       Stone Arrow       |     5 |    29 |    96 |    60 ||   190
       Lee's Rapid Decon |       |       |    43 |    81 ||   124
       Magic Dart        |       |       |    18 |   141 ||   159
       Airstrike         |       |       |       |     4 ||     4
Invok: Curse Item        |       |       |     3 |       ||     3
  Use: Scroll            |     3 |     3 |     7 |    14 ||    27
       Potion            |       |     1 |       |     7 ||     8
 Stab: Sleeping          |     8 |     2 |     2 |       ||    12
       Distracted        |       |       |     1 |       ||     1
  Eat: Chunk             |     5 |    10 |    18 |    17 ||    50
       Ration            |       |       |     4 |     2 ||     6
Armor: Robe              |     7 |    21 |    30 |     9 ||    67
Dodge: Dodged            |    51 |    63 |    94 |    49 ||   257
Block: Buckler           |       |       |       |     7 ||     7
       Rpst.: Falchion   |       |     7 |    33 |    11 ||    51

Table legend:
 A = Spawn XP
 B = Non-spawn XP
 C = Spawn XP percentage of total XP
 D = Spawn monster count
 E = Non-spawn monster count
 F = Spawn count percentage of total count
 G = Total turns spent on level
                    A         B        C        D         E        F      G
               +---------+---------+-------+---------+---------+-------+---------
         Total |       0 |   22798 |   0.0 |       0 |     353 |   0.0 | 19256
               +---------+---------+-------+---------+---------+-------+---------
           D:1 |       0 |      33 |   0.0 |       0 |      16 |   0.0 |  1489
           D:2 |       0 |      59 |   0.0 |       0 |      23 |   0.0 |  1225
           D:3 |       0 |     134 |   0.0 |       0 |      30 |   0.0 |  1407
           D:4 |       0 |     715 |   0.0 |       0 |      22 |   0.0 |  1834
           D:5 |       0 |     919 |   0.0 |       0 |      33 |   0.0 |  1783
           D:6 |       0 |     319 |   0.0 |       0 |      20 |   0.0 |  1686
           D:7 |       0 |     716 |   0.0 |       0 |      22 |   0.0 |   537
           D:8 |       0 |    1454 |   0.0 |       0 |      27 |   0.0 |  1061
           D:9 |       0 |    2014 |   0.0 |       0 |      15 |   0.0 |  2057
          D:10 |       0 |    2356 |   0.0 |       0 |      40 |   0.0 |  1813
          D:11 |       0 |    1873 |   0.0 |       0 |      15 |   0.0 |  1051
          D:12 |       0 |    7911 |   0.0 |       0 |      39 |   0.0 |  1257
          D:13 |       0 |     709 |   0.0 |       0 |       4 |   0.0 |   207
          D:14 |       0 |     393 |   0.0 |       0 |       1 |   0.0 |    52
           Lab |       0 |    2644 |   0.0 |       0 |       7 |   0.0 |  1024
       Ossuary |       0 |     549 |   0.0 |       0 |      39 |   0.0 |   582
               +---------+---------+-------+---------+---------+-------+---------
